 Dungeon Crawl Stone Soup version 0.30.0-29-ga12c61a403 (webtiles) character file.

Game seed: 14560020200227067450

3542 Graphine the Cleaver (level 10, -3/135 HPs)
             Began as a Hill Orc Fighter on June 20, 2023.
             Was a Follower of the Shining One.
             Killed by divine providence
             ... invoked by a meliai
              (9 damage)
             ... on level 9 of the Dungeon.
             The game lasted 00:13:57 (6073 turns).

Graphine the Cleaver (Hill Orc Fighter)             Turns: 6073, Time: 00:13:58

Health: -3/135     AC: 25    Str: 24    XL:     10   Next: 9%
Magic:  16/16      EV:  2    Int:  8    God:    the Shining One [*.....]
Gold:   206        SH:  9    Dex: 10    Spells: 9/9 levels left

rFire   . . .        a - +0 war axe (heavy)
rCold   . . .        l - +0 kite shield
rNeg    . . .        b - melded +0 scale mail
rPois   +            (helmet currently unavailable)
rElec   .            k - melded -1 cloak of the Invisible Hand {rPois Str+4}
rCorr   .            (gloves currently unavailable)
SInv    +            t - melded +1 pair of boots
Will    .....        (no amulet)
Stlth   +            p - ring of see invisible
HPRegen 0.42/turn    (no ring)
MPRegen 0.15/turn

%: no passive effects
@: tree-form, glowing
A: stationary, stasis, torment immunity, boosted hp
a: Renounce Religion, Divine Shield


You were on level 9 of the Dungeon.
You worshipped the Shining One.
The Shining One was aware of your devotion.
You were a tree.
You visited 2 branches of the dungeon, and saw 10 of its levels.

You collected 370 gold pieces.
You spent 164 gold pieces at shops.

Inventory:

Hand Weapons
 a - a +0 heavy war axe (weapon)
Missiles
 h - 4 curare-tipped darts
 j - 4 atropa-tipped darts (quivered)
 x - 3 throwing nets
 A - 2 datura-tipped darts
Armour
 b - a +0 scale mail (melded)
 k - the -1 cloak of the Invisible Hand (melded) {rPois Str+4}
   (You found it on level 3 of the Dungeon)

   Str:       It affects your strength (+4).
   rPois:     It protects you from poison.
 l - a +0 kite shield (worn)
 t - a +1 pair of boots (melded)
Jewellery
 p - a ring of see invisible (left branch)
 u - a ring of resist corrosion
 z - a ring of wizardry
Wands
 e - a wand of charming (11)
 C - a wand of polymorph (8)
Scrolls
 n - 2 scrolls of enchant weapon
 r - a scroll of fog
 B - a scroll of teleportation
Potions
 c - 3 potions of mutation
 d - a potion of might
 f - a potion of lignification
 g - 4 potions of degeneration
 i - 3 potions of flight
 m - 3 potions of brilliance
 o - a potion of magic
 q - a potion of resistance
 s - 2 potions of attraction {unknown}
 w - a potion of heal wounds {unknown}
 E - a potion of cancellation {unknown}


   Skills:
 + Level 8.4 Fighting
 + Level 8.6 Axes
 + Level 7.7 Armour
 + Level 7.6 Shields
 + Level 8.1 Invocations


You had 9 spell levels left.
You didn't know any spells.
Your spell library contained the following spells:

 Spells                   Type           Power      Damage    Failure   Level
 Summon Small Mammal      Summ           0%         N/A       63%         1
 Scorch                   Fire           0%         2d5       77%         2
 Call Canine Familiar     Summ           0%         N/A       94%         3
 Summon Guardian Golem    Hex/Summ       0%         N/A       94%         3
 Volatile Blastmotes      Fire/Tloc      0%         2d10      94%         3
 Flame Wave               Conj/Fire      0%         2d4       100%        4
 Fulminant Prism          Conj/Hex       0%         3d5       100%        4
 Iskenderun's Mystic Bla  Conj/Tloc      0%         2d3       100%        4
 Lee's Rapid Deconstruct  Erth           0%         3d4*      100%        5
 Summon Cactus Giant      Summ           0%         N/A       100%        6


Dungeon Overview and Level Annotations

Branches:
Dungeon (9/15)             Temple (1/1) D:5
   Lair: D:8-11         Orc: D:9-12

Altars:
Ashenzari
Cheibriados
Dithmenos
Elyvilon
Fedhas
Gozag
Hepliaklqana
Kikubaaqudgha
Makhleb
Nemelex Xobeh
Okawaru
Qazlal
Ru
Sif Muna
Trog
Uskayaw
Vehumet
Wu Jian
Xom
Yredelemnul
Zin
The Shining One

Shops:
D:1 *   D:4 *


Message History

The bolt of dispelling energy hits the two-headed ogre!
The two-headed ogre is heavily wounded.
The bolt of dispelling energy hits the meliai.
The meliai is lightly wounded.
The now-empty wand crumbles to dust.
The meliai mumbles some strange prayers to its god against you.
Something smites you! The death knight barely misses you.
You slice the death knight!!
The death knight is moderately wounded.
You block the death knight's attack.
The death knight hits you with a +0 battleaxe!!
You hit the death knight but do no damage.
The death knight is moderately wounded.
You block the death knight's attack.
You hit the death knight but do no damage.
The death knight is moderately wounded.
The death knight hits you with a +0 battleaxe!! x2
* * * LOW HITPOINT WARNING * * *
Okay, then.
As you read the scroll of teleportation, it crumbles to dust.
You feel strangely unstable.
The death knight offers itself to Yredelemnul, and fills with unholy energy.
Really quaff the potion of lignification?
You turn into a tree.
The -1 cloak of the Invisible Hand {rPois Str+4} melds into your body.
Your +1 pair of boots melds into your body.
Your +0 scale mail melds into your body.
Your roots penetrate the ground.
You feel strangely stable.
The death knight hits you with a +0 battleaxe.
* * * LOW HITPOINT WARNING * * *
You slash the death knight!
The death knight is heavily wounded.
The death knight reflects your damage back at you!
* * * LOW HITPOINT WARNING * * *
The meliai mumbles some strange prayers to its god against you.
Something smites you!
* * * LOW HITPOINT WARNING * * *
The meliai calls down the wrath of its god upon you.
Something smites you!
You die...

#..# #..# #. #..# #..# #.
#..####..##########
####.#####.................#
...........................#
...........................#
........#............#####.#
........#.##########.# #.#
........#.#.....♣..#.# #.#
........#.'.####p#.#.# #.#
........#.#.# OQ#.#.### #.#
........#[#.# ..y#.#...# #.#
........#.#.#....#.#.#.# #.#
..........#.#....#.#.#.###.#
..........#.#+####.'.......#
..........#........#.#####.#
########..##########.# #.#


You could see a death knight (reflects damage), a tengu warrior, a two-headed
ogre and a meliai.

Vanquished Creatures
  Joseph (D:8)
  2 trolls
  Sigmund (D:3)
  A wyvern (D:9)
  2 humans (D:7)
  Eustachio (D:6)
  Menkaure (D:7)
  An acid dragon (D:8)
  Duvessa (D:7)
  A water moccasin (D:7)
  2 orc warriors (D:8)
  2 sky beasts (D:7)
  A black bear (D:6)
  3 ogres
  A centaur (D:5)
  A phantom (D:6)
  A bullfrog (D:7)
  2 scorpions
  Dowan (D:7)
  A hound (D:6)
  A jelly (D:5)
  3 orc priests
  Crazy Yiuf (D:2)
  A sleepcap (D:7)
  2 iguanas
  6 orc wizards (D:7)
  3 gnolls (D:5)
  5 adders
  3 shadow imps
  A white imp (D:6)
  3 ufetubi
  A worm (D:5)
  10 dart slugs
  28 orcs
  2 ball pythons
  4 endoplasms
  4 giant cockroaches
  6 goblins
  11 hobgoblins
  2 jackals (D:1)
  3 kobolds
  4 quokkas
  5 bats
  12 frilled lizards
  6 rats
154 creatures vanquished.

Notes
Turn   | Place    | Note
-------+----------+-------------------------------------------
     0 | D:1      | Graphine the Hill Orc Fighter began the quest for the Orb.
     0 | D:1      | Reached XP level 1. HP: 19/19 MP: 1/1
    72 | D:1      | Found Uvuow's General Store.
   183 | D:1      | Reached XP level 2. HP: 27/27 MP: 2/2
   252 | D:1      | Reached skill level 1 in Invocations
   355 | D:1      | Found a faded altar of an unknown god.
   538 | D:2      | Reached XP level 3. HP: 33/33 MP: 2/4
   930 | D:2      | Reached XP level 4. HP: 32/40 MP: 5/5
   988 | D:2      | Found a runed translucent door.
   989 | D:2      | Noticed Crazy Yiuf
  1073 | D:2      | Killed Crazy Yiuf
  1275 | D:3      | Noticed Sigmund
  1288 | D:3      | Killed Sigmund
  1289 | D:3      | Reached XP level 5. HP: 46/47 MP: 5/7
  1289 | D:3      | Reached XP level 6. HP: 54/55 MP: 5/8
  1461 | D:3      | Identified the -1 cloak of the Invisible Hand {rPois Str+4}
  1555 | D:3      | Found a broken altar of Ashenzari.
  1555 | D:3      | Found an ornate altar of the Wu Jian Council.
  1555 | D:3      | Found a blossoming altar of Fedhas.
  1555 | D:3      | Found a shimmering blue altar of Sif Muna.
  1563 | D:3      | Found an opulent altar of Gozag.
  1568 | D:3      | Found a stormy altar of Qazlal.
  1647 | D:4      | Reached skill level 5 in Fighting
  1957 | D:4      | Found Fiaxt's General Store.
  1967 | D:4      | Bought a scroll of enchant weapon for 82 gold pieces
  1967 | D:4      | Bought a scroll of enchant weapon for 82 gold pieces
  2208 | D:5      | Entered Level 5 of the Dungeon
  2235 | D:5      | Reached XP level 7. HP: 47/61 MP: 9/9
  2413 | D:5      | Reached skill level 5 in Axes
  2493 | D:5      | Reached skill level 5 in Armour
  2493 | D:5      | Reached skill level 5 in Shields
  3068 | D:5      | Found a staircase to the Ecumenical Temple.
  3073 | Temple   | Entered the Ecumenical Temple
  3078 | Temple   | Became a worshipper of the Shining One
  3188 | D:6      | Noticed Eustachio
  3208 | D:6      | Killed Eustachio
  3209 | D:6      | Reached skill level 5 in Invocations
  3209 | D:6      | Reached XP level 8. HP: 7/70 MP: 11/11
  3433 | D:6      | Found a shimmering altar of Xom.
  4044 | D:7      | Noticed Menkaure
  4054 | D:7      | Killed Menkaure
  4055 | D:7      | Reached XP level 9. HP: 15/79 MP: 13/13
  4222 | D:7      | Noticed a troll
  4230 | D:7      | Killed a troll
  4393 | D:7      | Found an iron altar of Okawaru.
  4504 | D:7      | Noticed Duvessa
  4505 | D:7      | Noticed Dowan
  4510 | D:7      | Killed Duvessa
  4523 | D:7      | Killed Dowan
  4619 | D:7      | Found a white marble altar of Elyvilon.
  4860 | D:8      | Reached * piety under the Shining One
  5015 | D:8      | Noticed Joseph
  5026 | D:8      | Killed Joseph
  5317 | D:8      | Found a sparkling altar of Nemelex Xobeh.
  5334 | D:8      | Found a hazy altar of Hepliaklqana.
  5684 | D:9      | Noticed a troll
  5878 | D:9      | Reached XP level 10. HP: 89/89 MP: 14/16
  6065 | D:9      | Noticed a death knight
  6065 | D:9      | Noticed a tengu warrior
  6065 | D:9      | Noticed a two-headed ogre
  6073 | D:9      | HP: 6/135 [meliai/divine providence (11)]
  6073 | D:9      | Killed from afar by a meliai

Illustrated notes

Levels and vault maps discovered:
D:1:      dpeg_arrival_refuge, layout_rooms, serial_shops, shop,
          dreamdust_ecumenical_altar_statues, minmay_fountain_box
D:2:      layout_rooms, uniq_crazy_yiuf_cottage
D:3:      layout_rooms, minmay_overflow_temple_hex, uniq_sigmund
D:4:      layout_rooms, serial_shops, nicolae_shop_advertising_works
          [nicolae_subvault_shop_adworks]
D:5:      kennysheep_slugbush, layout_basic, minmay_temple_entry_nine_rooms,
          corexii_checkpoint_a, nicolae_kite_square_tiling_tiny,
          minmay_statues_item
D:6:      layout_rooms, overflow_temple_1_default, minmay_lizard_king,
          uniq_eustachio
D:7:      layout_rooms, okawaru_humans, elyvilon_altar_5, uniq_menkaure,
          uniq_duvessa
D:8:      layout_rooms, nicolae_overflow_crystal_walls,
          nemelex_xobeh_ov_fountains_minmay, serial_rivers,
          chequers_serial_rivers_small_3, chequers_serial_rivers_micro_a,
          chequers_serial_rivers_micro_a, chequers_serial_rivers_large_a,
          uniq_joseph
D:9:      layout_small_grid, lair_entry_dummy, orc_0_dummy, serial_rivers,
          chequers_serial_rivers_micro_e, chequers_serial_rivers_large_b,
          chequers_serial_rivers_micro_e, chequers_serial_rivers_micro_c,
          chequers_serial_rivers_micro_e, minivault_25_ag, minivault_7
Temple:   minmay_freezing_vapour_temple

Skill      XL: |  1  2  3  4  5  6  7  8  9 |
---------------+----------------------------+-----
Axes           | 3 4 5 7 8 |  8.6
Invocations    | 1 3 5 6 8 |  8.1
Fighting       | 4 5 6 7 8 |  8.4
Armour         | 4 5 6 7 |  7.7
Shields        | 4 5 6 7 |  7.6

Action                     |  1- 3 |  4- 6 |  7- 9 | 10-12 || total
---------------------------+-------+-------+-------+-------++-------
  Melee: War axe           |    75 |   117 |   204 |     7 ||   403
  Throw: Dart              |       |     2 |    13 |       ||    15
 Invoke: Divine Shield     |       |       |     1 |       ||     1
  Evoke: Wand              |       |       |       |     2 ||     2
    Use: Scroll            |     4 |     4 |    10 |     1 ||    19
         Potion            |       |       |     5 |     1 ||     6
 Armour: Scale mail        |    39 |    43 |   121 |     2 ||   205
  Dodge: Dodged            |    41 |    58 |   113 |     5 ||   217
  Block: Buckler           |    17 |    12 |       |       ||    29
         Kite shield       |       |    29 |   140 |     6 ||   175
